 Dungeon Crawl Stone Soup version 0.30-a0-782-ge64f9170bb (webtiles) character file.

Game seed: 8658866084762777423

81 mopl the Chopper (level 4, 0/34 HPs)
             Began as a Demonspawn Gladiator on Mar 6, 2023.
             Slain by Grinder (1 damage)
             ... on level 3 of the Dungeon.
             The game lasted 00:03:11 (1494 turns).

mopl the Chopper (Demonspawn Gladiator)             Turns: 1494, Time: 00:03:11

Health: 0/34       AC:  6    Str: 16    XL:     4   Next: 20%
Magic:  4/4        EV: 13    Int:  9    God:
Gold:   9          SH:  0    Dex: 15    Spells: 3/3 levels left

rFire   + . .      SeeInvis .    a - +0 war axe
rCold   + . .      Faith    .    (no shield)
rNeg    + . .      Spirit   .    k - +0 ring mail
rPois   +          Reflect  .    (helmet restricted)
rElec   +          Harm     .    (no cloak)
rCorr   +          Rampage  .    j - +0 pair of gloves
Will    .....                    (no boots)
Stlth   +                        (no amulet)
HPRegen 0.25/turn                q - ring of positive energy
MPRegen 0.09/turn                (no ring)

@: resistant
A: antennae 1, repulsion field 1, foul stench 1
a: no special abilities


You were on level 3 of the Dungeon.
You visited 1 branch of the dungeon, and saw 3 of its levels.

You collected 206 gold pieces.
You spent 197 gold pieces at shops.

Inventory:

Hand Weapons
 a - a +0 war axe (weapon)
Missiles
 d - 3 throwing nets
 e - a javelin
 h - 6 poisoned darts (quivered)
Armour
 c - a +0 helmet
 j - a +0 pair of gloves (worn)
 k - a +0 ring mail (worn)
Jewellery
 q - a ring of positive energy (left hand)
Scrolls
 b - 2 scrolls of identify {unknown}
 f - 2 scrolls of teleportation {unknown}
 m - 3 scrolls of silence {unknown}
 n - a scroll of noise {unknown}
 o - a scroll of enchant armour {unknown}
 p - a scroll of vulnerability {unknown}
Potions
 g - a potion of resistance
 i - 2 potions of brilliance {unknown}
 l - a potion of curing


   Skills:
 + Level 2.6 Fighting
 * Level 3.4 Axes
 + Level 2.2 Throwing
 + Level 1.1 Armour
 + Level 3.0 Dodging


You had 3 spell levels left.
You didn't know any spells.
Your spell library contained the following spells:

 Spells                   Type           Power      Damage    Failure   Level
 Beastly Appendage        Tmut           0%         N/A       61%         1
 Wereblood                Tmut           0%         N/A       75%         2
 Spider Form              Tmut/Pois      0%         N/A       93%         3


Dungeon Overview and Level Annotations

Branches:
Dungeon (3/15)

Altars:

Shops:
D:2 *([*!

Annotations:
D:3 Grinder


Innate Abilities, Weirdness & Mutations

You have a pair of small antennae on your head.
You are surrounded by a mild repulsion field. (EV +2)
You may rarely emit foul miasma when damaged in melee.


Message History

No target in view!
No target in view!
No target in view!
No target in view!
No target in view!
No target in view!
No target in view!
You see here a ball python corpse.
Grinder comes into view.
Grinder shouts!
Press: ? - help, v - describe, . - travel
Here: Grinder The floor.
You closely miss Grinder. Grinder gestures at you.
Pain shoots through your body! Grinder hits you.
You writhe in agony.
You hit Grinder but do no damage. Grinder gestures at you.
You suddenly lose the ability to move!
Grinder hits you. Grinder gestures at you.
You shrug off the repeated paralysis!
You can move again.
Unknown command.
Unknown command.
Unknown command.
You hit Grinder but do no damage. Grinder gestures at you.
You barely resist. You closely miss Grinder. Grinder hits you.
You writhe in agony.
Grinder hits you!
* * * LOW HITPOINT WARNING * * *
You writhe in agony.
* * * LOW HITPOINT WARNING * * *
It was a potion of resistance.
You feel protected. Grinder hits you!
* * * LOW HITPOINT WARNING * * *
You writhe in agony.
You die...

####.....).##.##...#
#.###.#.......#.#
#.# #......##...###
#.# ##########....#
#<# ####.#### #...#
#.......# ##.##
#.##.##.# ##
####.##.##†#
#.5@....##.#
#.##.#####.#
.........#.......#
#######..#########
#..# #..# #5^# ....
##.#


You could see Grinder.

Vanquished Creatures
  3 adders (D:2)
  2 dart slugs
  2 giant cockroaches (D:2)
  6 goblins
  3 hobgoblins (D:1)
  7 kobolds
  2 quokkas (D:1)
  6 ball pythons
  13 bats
  2 frilled lizards
  3 rats (D:1)
49 creatures vanquished.

Notes
Turn   | Place    | Note
-------+----------+-------------------------------------------
     0 | D:1      | mopl the Demonspawn Gladiator began the quest for the Orb.
     0 | D:1      | Reached XP level 1. HP: 16/16 MP: 1/1
   140 | D:1      | Gained mutation: You are surrounded by a mild repulsion
                  | field. (EV +2) [demonic ancestry]
   140 | D:1      | Reached XP level 2. HP: 19/22 MP: 2/2
   317 | D:1      | Reached skill level 3 in Axes
   317 | D:1      | Reached skill level 2 in Throwing
   557 | D:1      | Gained mutation: You may rarely emit foul miasma when
                  | damaged in melee. [demonic ancestry]
   557 | D:1      | Reached XP level 3. HP: 28/28 MP: 3/3
   893 | D:2      | Found Zepe's Antique Armour Emporium.
   893 | D:2      | Found Epaumpao's Antique Weapon Boutique.
  1055 | D:2      | Reached skill level 1 in Armour
  1055 | D:2      | Reached skill level 3 in Dodging
  1096 | D:2      | Gained mutation: You have a pair of small antennae on your
                  | head. [demonic ancestry]
  1096 | D:2      | Reached XP level 4. HP: 27/34 MP: 4/4
  1177 | D:2      | Found Siludw Hyar's Assorted Antiques.
  1189 | D:2      | Bought a purple potion for 21 gold pieces
  1193 | D:2      | Found Lihei's Distillery.
  1198 | D:2      | Bought a potion of attraction for 39 gold pieces
  1198 | D:2      | Bought 2 potions of degeneration for 26 gold pieces
  1201 | D:2      | Bought a potion of curing for 39 gold pieces
  1316 | D:2      | Found Meddiaw's Assorted Antiques.
  1353 | D:2      | Bought a scroll labelled ACLUTZ KIZUWKU for 24 gold pieces
  1353 | D:2      | Bought a scroll labelled QIGRE LOWUIS for 24 gold pieces
  1353 | D:2      | Bought a scroll labelled LAOQUSYPPIA for 24 gold pieces
  1480 | D:3      | Noticed Grinder
  1489 | D:3      | Paralysed by Grinder for 3 turns
  1494 | D:3      | HP: 1/34 [Grinder (8)]
  1494 | D:3      | Slain by Grinder

Illustrated notes

Levels and vault maps discovered:
D:1:      dpeg_arrival_concentric_ovals, layout_basic
D:2:      layout_rooms, serial_shops, nicolae_shop_window_shopping,
          nicolae_shop_crystal, shop_coins, shop,
          nicolae_shop_temple_entry_statues_fountains
D:3:      layout_loops_cross, serial_shops, shop, shop, shop,
          nicolae_square_shop, kennysheep_cross_bottleneck,
          minmay_misc_feat_encased, uniq_robin, uniq_grinder

Skill      XL: |  1  2  3 |
---------------+----------+-----
Axes           | 3 |  3.4
Throwing       | 2 |  2.2
Armour         | 1 |  1.1
Dodging        | 3 |  3.0
Fighting       | |  2.6

Action                     |  1- 3 |  4- 6 || total
---------------------------+-------+-------++-------
  Melee: War axe           |   122 |    21 ||   143
         Punch             |     2 |       ||     2
    Use: Potion            |       |     1 ||     1
   Stab: Sleeping          |     1 |       ||     1
 Armour: Leather armour    |    31 |       ||    31
         Ring mail         |    12 |     4 ||    16
  Dodge: Dodged            |   112 |     8 ||   120

Table legend: (Time is in decaauts)
 A = Elapsed time spent in this place.
 B = Non-inter-level travel time spent in this place.
 C = Inter-level travel time spent in this place.
 D = Time resting spent in this place.
 E = Time spent auto-exploring this place.
 F = Levels seen in this place.
 G = Mean time per level.
                   A        B        C        D        E       F      G
               +--------+--------+--------+--------+--------+-----+--------+
         Total |   1541 |   1499 |     42 |     30 |   1108 |   3 |  513.7 |
       Dungeon |   1541 |   1499 |     42 |     30 |   1108 |   3 |  513.7 |
               +--------+--------+--------+--------+--------+-----+--------+

Top non-repeatable levels by time:
     D:1: 915 daAuts
     D:2: 534 daAuts
     D:3: 91 daAuts
